 Dungeon Crawl Stone Soup version 0.30.1 (webtiles) character file.

Game seed: 8664180318009713094

112 cdecastro the Changer (level 4, -3/35 HPs)
             Began as a Draconian Transmuter on July 3, 2023.
             Killed from afar by Sigmund (6 damage)
             ... with a magic dart
             ... on level 3 of the Dungeon.
             The game lasted 00:04:05 (1546 turns).

cdecastro the Changer (Draconian Transmuter)        Turns: 1546, Time: 00:04:06

Health: -3/35      AC:  5    Str: 12    XL:     4   Next: 63%
Magic:  5/7        EV: 12    Int: 16    God:
Gold:   126        SH:  0    Dex: 11    Spells: 1/7 levels left

rFire   . .          .
                       - Unarmed
rCold   . . .        (no shield)
rNeg    . . .        (body armour unavailable)
rPois   .            (helmet restricted)
rElec   .            (no cloak)
rCorr   .            (no gloves)
SInv    .            (no boots)
Will    .....        (no amulet)
Stlth   +            (no ring)
HPRegen 0.25/turn    (no ring)
MPRegen 0.10/turn

%: no passive effects
@: no status effects
A: AC +5, unfitting armour, cold-blooded
a: no special abilities


You were on level 3 of the Dungeon.
You visited 1 branch of the dungeon, and saw 3 of its levels.

You collected 126 gold pieces.

Inventory:

Missiles
 g - a throwing net
Armour
 c - a +0 pair of boots
Magical Staves
 n - a staff of cold
Jewellery
 q - a ring of fire
Scrolls
 b - a scroll of poison {unknown}
 d - 2 scrolls of amnesia {unknown}
 e - a scroll of vulnerability {unknown}
 f - 2 scrolls of noise {unknown}
 j - 4 scrolls of enchant armour {unknown}
 k - a scroll of teleportation {unknown}
 l - 3 scrolls of identify {unknown}
 o - a scroll of magic mapping {unknown}
Potions
 a - a potion of lignification
 h - a potion of invisibility {unknown}
 i - a potion of mutation {unknown}
 m - a potion of haste {unknown}
 p - a potion of brilliance {unknown}
 r - a potion of resistance {unknown}


   Skills:
 - Level 1.1 Fighting
 - Level 1.7 Dodging
 + Level 3.9 Unarmed Combat
 - Level 2.0 Spellcasting
 * Level 4.2 Transmutations


You had one spell level left.
You knew the following spells:

 Your Spells              Type           Power      Damage    Failure   Level
a - Beastly Appendage     Tmut           30%        N/A       3%          1
b - Wereblood             Tmut           15%        N/A       5%          2
c - Spider Form           Tmut/Pois      8%         N/A       26%         3

Your spell library contained the following spells:

 Spells                   Type           Power      Damage    Failure   Level
 Shock                    Conj/Air       4%         1d3       21%         1
 Swiftness                Air            1%         N/A       52%         3
 Ice Form                 Ice/Tmut       8%         N/A       65%         4
 Airstrike                Air            0%         2d(1-17)  90%         4


Dungeon Overview and Level Annotations

Branches:
Dungeon (3/15)

Altars:
Fedhas

Annotations:
D:2 vault need dig
D:3 2 transporters, Sigmund; booth's ghost, weakling DsRe


Innate Abilities, Weirdness & Mutations

Your plain brown scales are hard. (AC +5)
You cannot fit into any form of body armour.
You are cold-blooded and may be slowed by cold attacks.


Message History

You are confused.
You miss Sigmund.
Sigmund is severely wounded.
Sigmund mumbles some strange words.
Sigmund flickers and vanishes!
Deactivating autopickup; reactivate with Ctrl-A.
You barely miss something.
Your primal bloodlust is almost over.
Something hits you.
You barely miss something.
You hear some strange, mumbled words.
A puff of flame appears from out of thin air!
The puff of flame hits you.
You bump into the rock wall.
Something barely misses you.
You miss something. You completely miss something.
You hear some strange, mumbled words.
A puff of flame appears from out of thin air!
The puff of flame hits you!
* * * LOW HITPOINT WARNING * * *
You bump into the rock wall.
Something hits you but does no damage.
You feel less confused.
Your primal bloodlust has ended.
Something hits you.
* * * LOW HITPOINT WARNING * * *
You hit something.
You hear some strange, mumbled words.
A magic dart appears from out of thin air!
The magic dart hits you.
* * * LOW HITPOINT WARNING * * *
You miss something. Something hits you.
* * * LOW HITPOINT WARNING * * *
You miss something. You barely miss something. Something completely misses you.
You closely miss something.
Your tail-slap misses something.
You barely miss something.
You hear some strange, mumbled words.
A magic dart appears from out of thin air!
The magic dart hits you.
You die...

#....#########..................#
......................#.........#
.##...............###.#......@..#
.###.##..##.....#.# #...........#
.###.##.....#####.#####.........#
.##..##.....#......# ####..#####
....####...........# #...####
..### #...##......# #....... ..#
####...##...@..# #.##..## ..#
#...#####....{.#######.##.### ###
#...#######..................
#...........######..........#
#...######..# #............ #####
##.# #..........>. #.#
#............ ..# ##..........#
+..# ##...##...##


There were no monsters in sight!

Vanquished Creatures
  A hound (D:3)
  3 gnolls (D:2)
  An adder (D:2)
  8 endoplasms
  6 goblins
  7 hobgoblins
  2 kobolds (D:2)
  3 quokkas
  A ball python (D:1)
  4 bats
  A frilled lizard (D:2)
  6 rats
43 creatures vanquished.

Notes
Turn   | Place    | Note
-------+----------+-------------------------------------------
     0 | D:1      | cdecastro the Draconian Transmuter began the quest for the
                  | Orb.
     0 | D:1      | Reached XP level 1. HP: 16/16 MP: 3/3
   143 | D:1      | Reached XP level 2. HP: 16/23 MP: 3/5
   705 | D:2      | Found a blossoming altar of Fedhas.
   712 | D:1      | Reached skill level 3 in Transmutations
   784 | D:2      | Reached XP level 3. HP: 13/28 MP: 6/6
  1018 | D:2      | Learned a level 2 spell: Wereblood
  1022 | D:2      | Learned a level 3 spell: Spider Form
  1114 | D:2      | Reached XP level 4. HP: 29/35 MP: 5/7
  1195 | D:2      | Found a faded altar of an unknown god.
  1358 | D:3      | Found a transporter.
  1358 | D:3      | Noticed booth's ghost (weakling DsRe)
  1371 | D:3      | Found a transporter.
  1395 | D:3      | Reached skill level 4 in Transmutations
  1478 | D:3      | Noticed Sigmund
  1546 | D:3      | Killed from afar by Sigmund

Illustrated notes

Levels and vault maps discovered:
D:1:      heliophobic_arrival_dark_side_of_the_moon, layout_rooms,
          minmay_tiny_reverse_x
D:2:      layout_rooms, basic_altar, dilly_ecumenical_altar_fadedgnrine
D:3:      layout_rooms, grunt_temple_overflow_bloody_war,
          mainiacjoe_overflow_six_doors_small, marbit_many_paths,
          gammafunk_ghost_arena, uniq_sigmund

Skill      XL: |  1  2  3  4 |
---------------+-------------+-----
Transmutations | 3 4 |  4.2
Fighting       | |  1.1
Dodging        | |  1.7
Unarmed Combat | |  3.9
Spellcasting   | |  2.0

Action                     |  1- 3 |  4- 6 || total
---------------------------+-------+-------++-------
  Melee: Unarmed           |    81 |    41 ||   122
         Headbutt          |    11 |     2 ||    13
         Kick              |    15 |     5 ||    20
         Tailslap          |     6 |     1 ||     7
         Punch             |     1 |       ||     1
   Cast: Beastly Appendage |    24 |     3 ||    27
         Spider Form       |       |     1 ||     1
         Wereblood         |       |     1 ||     1
 Armour: Skin              |    20 |     5 ||    25
  Dodge: Dodged            |    48 |    20 ||    68
